 Dungeon Crawl Stone Soup version 0.30.1 (webtiles) character file.

Game seed: 3579544876140812071

581 GimliDwarf the Covered (level 7, -9/53 HPs)
             Began as a Gnoll Wanderer on July 5, 2023.
             Mangled by Edmund
             ... wielding a +3 heavy dire flail
              (27 damage)
             ... on level 5 of the Dungeon.
             The game lasted 00:07:40 (3411 turns).

GimliDwarf the Covered (Gnoll Wanderer)             Turns: 3411, Time: 00:07:41

Health: -9/53      AC:  8    Str: 20    XL:     7   Next: 36%
Magic:  10/10      EV: 14    Int:  9    God:
Gold:   212        SH:  0    Dex: 22    Spells: 11/11 levels left

rFire   . . .        a - +3 quarterstaff
rCold   . . .        (shield currently unavailable)
rNeg    + . .        q - +1 leather armour of Qusisodgh {*Slow rN+ Dex+9 SInv}
rPois   .            (no helmet)
rElec   .            (no cloak)
rCorr   .            (no gloves)
SInv    +            m - +2 pair of boots
Will    .....        (no amulet)
Stlth   +++          o - +6 ring of strength
HPRegen 0.28/turn    (no ring)
MPRegen 0.12/turn

%: slow self (1%)
@: no status effects
A: fangs 1, strong nose, distributed training
a: no special abilities


You were on level 5 of the Dungeon.
You visited 1 branch of the dungeon, and saw 5 of its levels.

You collected 212 gold pieces.

Inventory:

Hand Weapons
 a - a +3 quarterstaff (weapon)
 e - a +1 glaive of protection
 f - a +2 short sword of protection
Missiles
 i - 2 atropa-tipped darts (quivered)
Armour
 m - a +2 pair of boots (worn)
 q - the +1 leather armour of Qusisodgh (worn) {*Slow rN+ Dex+9 SInv}
   (You found it on level 3 of the Dungeon)

   Dex:       It affects your dexterity (+9).
   rN:        It protects you from negative energy.
   SInv:      It lets you see invisible.
   *Slow:     It may slow you when you take damage.
Jewellery
 o - a +6 ring of strength (left hand)
Scrolls
 h - a scroll of silence {unknown}
 l - a scroll of enchant armour
 n - a scroll of teleportation
Potions
 b - 3 potions of magic
 c - a potion of flight
 d - 2 potions of curing
 j - 2 potions of lignification


   Skills:
 + Level 3.6 Fighting
 + Level 2.5 Short Blades
 + Level 2.5 Long Blades
 + Level 2.5 Axes
 + Level 2.5 Maces & Flails
 + Level 2.5 Polearms
 + Level 5.2 Staves
 + Level 2.5 Ranged Weapons
 + Level 2.5 Throwing
 + Level 7.0 Armour
 + Level 3.6 Dodging
 + Level 4.9 Stealth
 + Level 2.5 Shields
 + Level 3.6 Unarmed Combat
 + Level 2.5 Spellcasting
 + Level 2.0 Conjurations
 + Level 2.0 Hexes
 + Level 2.0 Summonings
 + Level 2.0 Necromancy
 + Level 2.0 Translocations
 + Level 2.0 Transmutations
 + Level 2.0 Fire Magic
 + Level 2.0 Ice Magic
 + Level 2.0 Air Magic
 + Level 2.0 Earth Magic
 + Level 2.0 Poison Magic
 + Level 2.8 Invocations
 + Level 2.5 Evocations


You had 11 spell levels left.
You didn't know any spells.
Your spell library was empty.

Dungeon Overview and Level Annotations

Branches:
Dungeon (5/15)
 Temple: D:4-7

Altars:
Zin

Shops:
D:2 =

Annotations:
D:5 Edmund


Innate Abilities, Weirdness & Mutations

You have very sharp teeth.
Your uncanny sense of smell can sniff out nearby items.
Your experience applies equally to all skills.


Message History

Hit: a) +3 quarterstaff
Press: ? - help, Dir - move target, f - you, p - Edmund
Okay, then.
Okay, then.
Throw: 3 darts (atropa)
Press: ? - help, Q - select action, (/) - cycle Shift-Dir - straight line, f/p - Edmund
Aim: Edmund, wielding a +3 heavy dire flail and wearing a +0 scale mail of willpower (moderately wounded, berserk, confused, blind, 84% to hit, chance to blind on hit: 78%)
Okay, then.
Throw: javelin
Press: ? - help, Q - select action, (/) - cycle Shift-Dir - straight line, f/p - Edmund
Aim: Edmund, wielding a +3 heavy dire flail and wearing a +0 scale mail of willpower (moderately wounded, berserk, confused, blind, 84% to hit)
You throw a javelin. The javelin pierces through Edmund!
Edmund is moderately wounded.
Edmund seems less confused.
You thump Edmund!
Edmund is heavily wounded.
Edmund shouts!
Edmund barely misses you.
There is a stone staircase leading down here.
You hit Edmund.
Edmund is heavily wounded.
Edmund is no longer blind.
Edmund closely misses you.
Throw: 3 darts (atropa)
Press: ? - help, Q - select action Shift-Dir - straight line, f/p - Edmund
Aim: Edmund, wielding a +3 heavy dire flail and wearing a +0 scale mail of willpower (heavily wounded, berserk, 69% to hit, chance to blind on hit: 78%)
You throw an atropa-tipped dart.
The atropa-tipped dart completely misses Edmund.
Edmund hits you with a +3 heavy dire flail!
You hit Edmund.
Edmund is severely wounded.
Edmund hits you with a +3 heavy dire flail!!
Ouch! That really hurt!
You hit Edmund.
Edmund is severely wounded.
Edmund closely misses you.
You hit Edmund. You bite Edmund, but do no damage.
Edmund is severely wounded.
Edmund hits you with a +3 heavy dire flail!!
Ouch! That really hurt!
You die...

####..######...
#........>.###.
#.............# ##
#.............
####.#####.............
........................
#..####.._..####..####..
........................
.......@####............
.......@# ##...........
(...(.... #...........
.........# ##..........
(........# #..........
.......... ...........#
(......... .......#####
.........##


You could see Edmund (berserk).

Vanquished Creatures
  A black bear (D:3)
  A phantom (D:4)
  Blork the orc (D:4)
  A scorpion (D:4)
  2 sleepcaps (D:4)
  2 iguanas (D:4)
  2 orc wizards (D:3)
  3 adders
  A white imp (D:4)
  2 worms
  4 dart slugs
  5 orcs (D:3)
  8 ball pythons
  7 bats
  8 endoplasms
  3 giant cockroaches
  3 goblins
  6 hobgoblins
  3 jackals (D:4)
  A quokka (D:3)
  4 frilled lizards
  6 kobolds
  5 rats (D:3)
79 creatures vanquished.

Notes
Turn   | Place    | Note
-------+----------+-------------------------------------------
     0 | D:1      | GimliDwarf the Gnoll Wanderer began the quest for the Orb.
     0 | D:1      | GimliDwarf set off with the following items: a +2
                  | quarterstaff, 2 potions of attraction, a +0 ring mail.
     0 | D:1      | Reached XP level 1. HP: 17/17 MP: 1/1
   120 | D:1      | Reached XP level 2. HP: 19/23 MP: 2/2
   438 | D:1      | Reached XP level 3. HP: 28/28 MP: 3/3
   566 | D:2      | Reached skill level 1 in Invocations
   669 | D:2      | Reached skill level 1 in Short Blades
   669 | D:2      | Reached skill level 1 in Long Blades
   669 | D:2      | Reached skill level 1 in Axes
   669 | D:2      | Reached skill level 1 in Maces & Flails
   669 | D:2      | Reached skill level 1 in Polearms
   669 | D:2      | Reached skill level 1 in Ranged Weapons
   669 | D:2      | Reached skill level 1 in Throwing
   669 | D:2      | Reached skill level 1 in Shields
   669 | D:2      | Reached skill level 1 in Spellcasting
   669 | D:2      | Reached skill level 1 in Evocations
   765 | D:2      | Found Nidytz's Jewellery Shop.
   812 | D:2      | Reached XP level 4. HP: 27/34 MP: 5/5
  1499 | D:3      | Reached skill level 1 in Conjurations
  1499 | D:3      | Reached skill level 1 in Hexes
  1499 | D:3      | Reached skill level 1 in Summonings
  1499 | D:3      | Reached skill level 1 in Necromancy
  1499 | D:3      | Reached skill level 1 in Translocations
  1499 | D:3      | Reached skill level 1 in Transmutations
  1499 | D:3      | Reached skill level 1 in Fire Magic
  1499 | D:3      | Reached skill level 1 in Ice Magic
  1499 | D:3      | Reached skill level 1 in Air Magic
  1499 | D:3      | Reached skill level 1 in Earth Magic
  1499 | D:3      | Reached skill level 1 in Poison Magic
  1601 | D:3      | Reached XP level 5. HP: 40/40 MP: 5/7
  1868 | D:3      | Identified the +1 leather armour of Qusisodgh {*Slow rN+
                  | Dex+9 SInv}
  2123 | D:4      | Noticed a phantom
  2133 | D:4      | Killed a phantom
  2134 | D:4      | Reached XP level 6. HP: 36/47 MP: 8/8
  2264 | D:4      | Reached skill level 5 in Staves
  2486 | D:4      | HP: 2/47 [poisoned by a scorpion]
  2667 | D:4      | Noticed Blork the orc
  2668 | D:4      | Noticed a black bear
  2738 | D:3      | Killed a black bear
  2739 | D:3      | Reached skill level 7 in Armour
  2739 | D:3      | Reached XP level 7. HP: 28/52 MP: 10/10
  2941 | D:4      | Killed Blork the orc
  3364 | D:5      | Entered Level 5 of the Dungeon
  3388 | D:5      | Found a glowing silver altar of Zin.
  3397 | D:5      | Noticed Edmund
  3411 | D:5      | Mangled by Edmund

Illustrated notes

Levels and vault maps discovered:
D:1:      wander_arrival_peaceful_grave, layout_basic
D:2:      layout_basic, serial_shops, shop, hangedman_decor_points
D:3:      layout_basic, minmay_misc_feat_plants, minmay_misc_feat_nine_boxes,
          minmay_increasing_density
D:4:      layout_basic, nicolae_concentric_dashed_squares_mild, hellmonk_no_cap,
          uniq_blork_the_orc
D:5:      layout_cave_pods, mainiacjoe_overflow_boulevard, serial_shops,
          nicolae_shop_pleasant_corner_grove, uniq_edmund

Skill      XL: |  1  2  3  4  5  6  7 |
---------------+----------------------+-----
Invocations    | 1 2 |  2.8
Short Blades   | 1 2 |  2.5
Long Blades    | 1 2 |  2.5
Axes           | 1 2 |  2.5
Maces & Flails | 1 2 |  2.5
Polearms       | 1 2 |  2.5
Ranged Weapons | 1 2 |  2.5
Throwing       | 1 2 |  2.5
Shields        | 1 2 |  2.5
Spellcasting   | 1 2 |  2.5
Evocations     | 1 2 |  2.5
Conjurations   | 1 2 |  2.0
Hexes          | 1 2 |  2.0
Summonings     | 1 2 |  2.0
Necromancy     | 1 2 |  2.0
Translocations | 1 2 |  2.0
Transmutations | 1 2 |  2.0
Fire Magic     | 1 2 |  2.0
Ice Magic      | 1 2 |  2.0
Air Magic      | 1 2 |  2.0
Earth Magic    | 1 2 |  2.0
Poison Magic   | 1 2 |  2.0
Fighting       | 3 |  3.6
Dodging        | 3 |  3.6
Unarmed Combat | 3 |  3.6
Staves         | 5 |  5.2
Armour         | 7 |  7.0
Stealth        | |  4.9

Action                     |  1- 3 |  4- 6 |  7- 9 || total
---------------------------+-------+-------+-------++-------
  Melee: Quarterstaff      |    71 |   113 |    38 ||   222
         Bite              |     4 |    14 |    10 ||    28
  Throw: Javelin           |       |     1 |     9 ||    10
         Dart              |       |       |     2 ||     2
    Use: Scroll            |       |    14 |       ||    14
         Potion            |       |     1 |       ||     1
   Stab: Sleeping          |     3 |    10 |     1 ||    14
 Armour: Ring mail         |    34 |    13 |       ||    47
         Leather armour    |       |    23 |     3 ||    26
  Dodge: Dodged            |    50 |    71 |    27 ||   148
